 Dungeon Crawl Stone Soup version 0.14.2 (webtiles) character file.

172 Amnesiac the Ducker (level 4, -2/23 HPs)
             Began as a Spriggan Gladiator on Feb 11, 2018.
             Slain by a killer bee (6 damage)
             ... on Level 3 of the Dungeon.
             The game lasted 00:05:21 (3076 turns).

Amnesiac the Ducker (Spriggan Gladiator)            Turns: 3076, Time: 00:05:21

HP  -2/23        AC  2     Str 12      XL: 4   Next: 72%
MP   8/8         EV 19     Int  9      God:
Gold 54          SH  0     Dex 16      Spells:  0 memorised,  3 levels left

rFire  . . .     SeeInvis +     a - +0 quarterstaff
rCold  . . .     Clarity  .     b - +0 animal skin
rNeg   . . .     Conserve .     (shield restricted)
rPois  .         rCorr    .     c - +0 hat
rElec  .         rRot     .     (no cloak)
SustAb . .       Spirit   .     (gloves unavailable)
rMut   .         Warding  .     (boots unavailable)
Saprov . . .     Stasis   .     (no amulet)
MR     .....                    (no ring)
                                (no ring)

@: very quick, not resistant to hostile enchantments, unstealthy
A: unfitting armour, see invisible, herbivore 3, speed 3, slow metabolism 2
a: no special abilities


You were on level 3 of the Dungeon.
You were not hungry.

You visited 1 branch of the dungeon, and saw 4 of its levels.

You collected 54 gold pieces.

Inventory:

Hand weapons
 a - a +0,+0 quarterstaff (weapon)
Missiles
 d - a throwing net (quivered)
 v - a stone
Armour
 b - a +0 animal skin (worn)
 c - a +0 hat (worn)
Comestibles
 o - a bread ration
 q - a meat ration
 s - a cheese
Scrolls
 h - a scroll of recharging {!r, unknown}
 k - a scroll of remove curse {!r, unknown}
 m - 4 scrolls of identify {!r, unknown}
 n - a scroll of noise {!r, unknown}
 p - a scroll of enchant weapon I {!r, unknown}
 r - a scroll of immolation {!r, unknown}
 t - 2 scrolls of amnesia {!r, unknown}
 u - a scroll of enchant weapon II {!r, unknown}
Potions
 e - a potion of porridge {!q}
 f - 2 potions of haste {!q, unknown}
 g - 7 potions of curing {!q, unknown}
 i - 2 potions of heal wounds {!q, unknown}
 j - 2 potions of cure mutation {!q, unknown}
 l - 2 potions of flight {!q, unknown}


   Skills:
 - Level 2.0 Fighting
 + Level 3.1 Staves
 - Level 4.0 Throwing
 - Level 4.5 Dodging


You had 3 spell levels left.
You didn't know any spells.

Dungeon Overview and Level Annotations

Branches:
Dungeon (4/15)
 Temple: D:4-7

Altars:
Elyvilon

Annotations:
D:2 Grinder


Innate Abilities, Weirdness & Mutations

You are tiny and cannot use many weapons and most armour.
You have supernaturally acute eyesight.
You are a herbivore.
You cover ground extremely quickly.
You need consume almost no food.


Message History

You see here a dart.
m - 4 scrolls labeled QERETENUMN {!r} (gained 1)
A bat comes into view.
A hobgoblin comes into view. It is wielding a club.
There are monsters nearby!
The hobgoblin shouts!
The bat barely misses you.
Found 17 stones.
A killer bee comes into view.
There are monsters nearby!
You closely miss the bat.
The killer bee buzzes angrily.
The bat hits you. The bat hits you but does no damage.
A killer bee comes into view.
There are monsters nearby!
You hit the bat.
You kill the bat! 2 killer bees come into view.
The killer bee stings you!
You are poisoned.
The killer bee poisons you!
The hobgoblin hits you but does no damage.
The killer bee barely misses you.
You feel sick.
The killer bee buzzes angrily.
You see here a bat corpse.
You feel sick.
Throwing (i - inventory. (,) - cycle):
d - 3 throwing nets (quivered)
Press: ? - help, Shift-Dir - straight line, f - killer bee
Aim: a killer bee You throw a throwing net.
The throwing net hits the killer bee.
The killer bee is caught in the net!
The killer bee falls like a stone!
You feel sick.
The killer bee struggles to escape the net.
The killer bee struggles to escape the net.
You feel sick.
The killer bee struggles to escape the net.
The killer bee struggles to escape the net.
There is a stone staircase leading down here.
You feel sick.
You climb downwards.
You hear the sound of rushing water.
There is an entrance to a sewer on this level.
Hurry and find it before the portal rusts away!
There is a stone staircase leading up here.
Unknown command.
You climb upwards.
You feel sick.
There is a stone staircase leading down here.
Throwing (i - inventory. (,) - cycle):
d - 2 throwing nets (quivered)
Press: ? - help, Shift-Dir - straight line, f - killer bee
Aim: a killer bee You throw a throwing net.
The throwing net hits the killer bee.
The killer bee is caught in the net!
The killer bee falls like a stone!
The killer bee struggles to escape the net.
You feel sick.
The killer bee struggles to escape the net.
The killer bee struggles to escape the net.
The killer bee struggles against the net.
You feel sick.
You feel sick.
You feel sick.
You are no longer poisoned.
There is a stone staircase leading up here.
The killer bee stings you.
You die...

#.# ##.....k....(
#.# #.###....... #.#
#.# #.....## #.# #.#
#.....# #.# #.#
###.### #.# #.#
###(# ###.### #k#
#...# #...[.# #.#
#[### #..@k.###.#
#.# #.........# #.#
#.....##..###%######
#.....##...........<
########.####.######
#.# #.# #.# ...#
#.##.### #.##.#


You could see a killer bee.

Vanquished Creatures
  Natasha (twice) (D:3)
  3 adders
  6 bats
  2 giant cockroaches (D:2)
  4 goblins
  6 hobgoblins
  7 kobolds
  A quokka (D:2)
  A giant newt (D:1)
  37 rats
69 creatures vanquished.

Notes
Turn   | Place    | Note
--------------------------------------------------------------
     0 | D:1      | Amnesiac, the Spriggan Gladiator, began the quest for the Orb.
     0 | D:1      | Reached XP level 1. HP: 10/10 MP: 2/2
   320 | D:1      | Reached XP level 2. HP: 4/15 MP: 4/4
  1218 | D:1      | Reached XP level 3. HP: 13/18 MP: 6/6
  2264 | D:3      | Noticed Grinder
  2457 | D:3      | Reached XP level 4. HP: 23/23 MP: 8/8
  2476 | D:3      | Noticed Natasha
  2486 | D:3      | Killed Natasha
  2487 | D:3      | Found a white marble altar of Elyvilon.
  2573 | D:3      | Noticed Natasha
  2578 | D:3      | Killed Natasha
  3076 | D:3      | Slain by a killer bee

Action                   |  1- 3 |  4- 6 || total
-------------------------+-------+-------++-------
Melee: Quarterstaff      |   182 |    39 ||   221
Throw: Throwing net      |       |     5 ||     5
 Stab: Sleeping          |     2 |       ||     2
       Held in net/web   |       |     2 ||     2
